 Dungeon Sprint DCSS version 0.20-a0-259-gc929cd2 (webtiles) character file.

298 Dfrag the Grappler (level 8, -1/83 HPs)
             Began as a Troll Fighter on Dec 2, 2016.
             Was the Champion of the Shining One.
             Slain by a giant anaconda (17 damage)
             ... in the Dungeon (Sprint VI: "Thunderdome") on Dec 3, 2016.
             The game lasted 00:03:06 (737 turns).

Dfrag the Grappler (Troll Fighter)                   Turns: 737, Time: 00:03:07

Health: -1/83      AC:  9    Str: 23    XL:     8   Next: 60%
Magic:  7/7        EV: 13    Int: 10    God:    the Shining One [******]
Gold:   88         SH:  4    Dex: 17    Spells: 7/7 levels left

rFire  + . .     SeeInvis .       - Unarmed
rCold  + . .     Gourm    +     s - +2 robe
rNeg   + + +     Faith    .     (no shield)
rPois  +         Spirit   .     (helmet restricted)
rElec  +         Reflect  +     t - +1 cloak of Grace {rElec rN+}
rCorr  .         Harm     .     (gloves unavailable)
MR     ++...     NoTele   +     (boots unavailable)
Stlth  +.........               r - amulet of Doez {Reflect +Blink Str-2 Int+4 SH+4 Stlth+}
                                p - ring "Buloerey" {rF+ Int+4}
                                o - ring "Erol" {*Contam rPois rC+ MR++ Dex+4}

@: glowing, constricted
A: unfitting armour, claws 3, talons 1, agile 1, blurry vision 1, dopey 1, fast
metabolism 3, frail 1, gourmand, regeneration 1, shaggy fur 1, tough skin 2
a: Divine Shield, Cleansing Flame, Summon Divine Warrior, Brand Weapon With Holy
Wrath, Renounce Religion, Evoke Blink


You were in the Dungeon.
You worshipped the Shining One.
The Shining One was exalted by your worship.
You were near starving.

You visited 1 branch You collected 600 gold pieces.
You spent 512 gold pieces at shops.

Inventory:

Armour
 a - a +0 robe
 b - a +0 shield
 s - a +2 robe (worn)
 t - the +1 cloak of Grace (worn) {rElec rN+}
   (You bought it in a shop in the Dungeon)

   It insulates you from electricity.
   It protects you from negative energy.
Jewellery
 o - the ring "Erol" (left claw) {*Contam rPois rC+ MR++ Dex+4}
   (You bought it in a shop in the Dungeon)

   [ring of dexterity]

   It affects your dexterity (+4).
   It protects you from cold.
   It protects you from poison.
   It affects your resistance to hostile enchantments.
   It causes magical contamination when unequipped.
 p - the ring "Buloerey" (right claw) {rF+ Int+4}
   (You bought it in a shop in the Dungeon)

   [ring of intelligence]

   It affects your intelligence (+4).
   It protects you from fire.
 q - the amulet of Dim Light {Inacc rF+ Int-4 Dex+4}
   (You bought it in a shop in the Dungeon)

   [amulet of inaccuracy]

   It reduces the accuracy of all your attacks.
   It affects your intelligence (-4).
   It affects your dexterity (+4).
   It protects you from fire.
 r - the amulet of Doez (around neck) {Reflect +Blink Str-2 Int+4 SH+4 Stlth+}
   (You bought it in a shop in the Dungeon)

   [amulet of reflection]

   It shields you and reflects attacks.
   It affects your strength (-2).
   It affects your intelligence (+4).
   It lets you blink.
   It affects your SH (+4).
   It makes you more stealthy.
Wands
 k - a wand of acid (5/15)
 l - a wand of iceblast (5/15)
Scrolls
 j - 4 scrolls of blinking
 m - 3 scrolls of fog
Potions
 c - a potion of might
 e - a potion of curing
 f - 3 potions of heal wounds
 g - 4 potions of haste
 h - 2 potions of magic
 i - a potion of berserk rage
 n - a potion of resistance
Comestibles
 d - 2 bread rations


   Skills:
 + Level 9.7 Fighting
 + Level 9.8 Dodging
 - Level 2.8 Shields
 + Level 11.2 Unarmed Combat


You had 7 spell levels left.
You didn't know any spells.

Dungeon Overview and Level Annotations

Branches:
Dungeon (1/1)

Altars:
Cheibriados
Dithmenos
Fedhas
Gozag
Kikubaaqudgha
Makhleb
Okawaru
Qazlal
Ru
Sif Muna
Trog
Uskayaw
Vehumet
Xom
Yredelemnul
Zin
The Shining One
Beogh
Jiyva
Lugonu

Shops:
D *[%??*?*:[((!!!!


Innate Abilities, Weirdness & Mutations

You are too large for most types of armour.
You have claws for hands.
Your metabolism is lightning-fast.
You like to eat raw meat.
Your natural rate of healing is unusually fast.
You are covered in fur. (AC +1)
You have very tough skin. (AC +2)
You have sharp toenails.
You are agile. (Dex +2)
Scrolls take you a little longer to read.
You are dopey. (Int -2)
You are frail. (-10% HP)


Message History

* * * LOW HITPOINT WARNING * * *
The giant anaconda constricts you.
You barely miss the giant anaconda.
The giant anaconda is almost dead.
You block the giant anaconda's attack.
* * * LOW HITPOINT WARNING * * *
The giant anaconda constricts you.
The salamander shoots an arrow.
The arrow hits you!! The Shining One protects you from harm!
The arrow burns you.
* * * LOW HITPOINT WARNING * * *
You closely miss the giant anaconda. Your kick misses the giant anaconda.
The giant anaconda is almost dead.
The giant anaconda closely misses you.
* * * LOW HITPOINT WARNING * * *
The giant anaconda constricts you.
The salamander shoots an arrow.
The arrow hits you.
* * * LOW HITPOINT WARNING * * *
The giant anaconda bites you!
You die...

##⌠⌠⌠## #.....# ##.....##
##∩.....∩## #∩.......∩#
#_......._# #_......._#
#_......._# ###.@S......###
#⌠[..........⌠#
######)8.........8.######
##∩_._......###......___∩##
###∩........8.# #.8........∩#
##..........)..###............
#⌠...).....N###...###.........
#⌠.........(# #.<.# #.........
#⌠..........###...###.........


You could see a salamander and a giant anaconda.

Vanquished Creatures
  Grinder (D)
  Sigmund (D)
  2 air elementals (D)
  3 insubstantial wisps (D)
  A naga (D)
  A phantom (D)
  2 sky beasts (D)
  2 wights (D)
  An orc wizard (D)
  2 iron imps (D)
  2 ufetubi (D)
  An adder zombie (D)
  An orc (D)
  A bat skeleton (D)
  A hobgoblin (D)
  A quokka (D)
  A ball python skeleton (D)
  A leopard gecko skeleton (D)
25 creatures vanquished.

Notes
Turn   | Place    | Note
-------+----------+-------------------------------------------
     0 | D        | Dfrag the Troll Fighter began the quest for the Orb.
     0 | D        | Reached XP level 1. HP: 22/22 MP: 0/0
     5 | D        | Round 1.
     6 | D        | Found a glowing silver altar of Zin.
     6 | D        | Found a sacrificial altar of Ru.
     7 | D        | Found a burning altar of Makhleb.
     8 | D        | Found a glowing golden altar of the Shining One.
     8 | D        | Found a roughly hewn altar of Beogh.
     9 | D        | Found Qaijonu's Bee Food.
     9 | D        | Found Woatwaat's Identification Station.
    10 | D        | Found Fajarr's Jewellery.
    10 | D        | Found Xoikhlupo's Advanced Armour.
    11 | D        | Found a corrupted altar of Lugonu.
    16 | D        | Became a worshipper of the Shining One
    29 | D        | Noticed an iron imp
    29 | D        | Reached * piety under the Shining One
    32 | D        | Found a stormy altar of Qazlal.
    33 | D        | Found an iron altar of Okawaru.
    35 | D        | Killed an iron imp
    35 | D        | Reached skill level 3 in Unarmed Combat
    35 | D        | Reached XP level 2. HP: 30/32 MP: 1/1
    35 | D        | Reached XP level 3. HP: 37/39 MP: 2/2
    37 | D        | Reached ** piety under the Shining One
    37 | D        | Reached skill level 4 in Unarmed Combat
    42 | D        | Found Heish's Premium Goods.
    43 | D        | Found Caavu's Miscellaneous Merchandise.
    43 | D        | Found Deerr's Basic Armour.
    45 | D        | Found a radiant altar of Vehumet.
    45 | D        | Found a shimmering altar of Xom.
    45 | D        | Found an ancient bone altar of Kikubaaqudgha.
    45 | D        | Found Woosomp's Weapon Rack.
    49 | D        | Found a deep blue altar of Sif Muna.
    50 | D        | Found a shadowy altar of Dithmenos.
    52 | D        | Found a viscous altar of Jiyva.
    54 | D        | Found Bien Guo's Do-It-Yourself Clinic.
    55 | D        | Found an opulent altar of Gozag.
    55 | D        | Found a bloodstained altar of Trog.
    55 | D        | Found a hide-covered altar of Uskayaw.
    55 | D        | Found Fytifem's Distillery.
    56 | D        | Found Weragav's Bottled Wisdom.
    56 | D        | Found Inifatud's Distillery.
    64 | D        | Found a blossoming altar of Fedhas.
    66 | D        | Found a snail-covered altar of Cheibriados.
    82 | D        | Noticed Grinder
    82 | D        | Reached *** piety under the Shining One
    85 | D        | Paralysed by Grinder for 2 turns
    90 | D        | Killed Grinder
    90 | D        | Arena points: 12 (+12) [x2]
    90 | D        | Reached skill level 7 in Unarmed Combat
    90 | D        | Reached XP level 4. HP: 40/53 MP: 3/3
    90 | D        | Reached XP level 5. HP: 46/61 MP: 4/4
    90 | D        | Reached XP level 6. HP: 51/68 MP: 5/5
    97 | D        | Bought a scorched lead ring for 45 gold pieces
    97 | D        | Bought a brightly glowing brass ring for 45 gold pieces
    97 | D        | Bought a bound bone amulet for 45 gold pieces
    97 | D        | Identified the ring "Erol" {*Contam rPois rC+ MR++ Dex+4} (You bought it in a shop in the Dungeon)
    98 | D        | Identified the ring "Buloerey" {rF+ Int+4} (You bought it in a shop in the Dungeon)
    99 | D        | Identified the amulet of Dim Light {Inacc rF+ Int-4 Dex+4} (You bought it in a shop in the Dungeon)
   100 | D        | Bought a smoking steel amulet for 45 gold pieces
   101 | D        | Identified the amulet of Doez {Reflect +Blink Str-2 Int+4 SH+4 Stlth+} (You bought it in a shop in the Dungeon)
   151 | D        | Round 2.
   183 | D        | Found a basalt altar of Yredelemnul.
   184 | D        | Found Kesyvercho's Staff Store.
   185 | D        | Found Vahoisadgh's Must-Have Magic.
   185 | D        | Found Fehy's Magic Scroll Shop.
   186 | D        | Found Nieqoq's Magic Scroll Shop.
   191 | D        | Noticed a sky beast
   200 | D        | Killed a sky beast
   200 | D        | Reached skill level 8 in Unarmed Combat
   250 | D        | Noticed Sigmund
   250 | D        | Reached **** piety under the Shining One
   258 | D        | Killed Sigmund
   258 | D        | Arena points: 54 (+42) [x3]
   258 | D        | Reached XP level 7. HP: 79/79 MP: 6/6
   309 | D        | Round 3.
   346 | D        | Reached skill level 9 in Unarmed Combat
   389 | D        | Noticed an air elemental
   393 | D        | Killed an air elemental
   393 | D        | Reached skill level 10 in Unarmed Combat
   412 | D        | Noticed an air elemental
   415 | D        | Killed an air elemental
   415 | D        | Reached XP level 8. HP: 66/92 MP: 7/7
   418 | D        | Reached ***** piety under the Shining One
   427 | D        | Arena points: 138 (+84) [x4]
   432 | D        | Gained mutation: You are frail. (-10% HP) [mutagenic meat]
   433 | D        | Gained mutation: You have sharp toenails. [mutagenic meat]
   434 | D        | Gained mutation: Scrolls take you a little longer to read. [mutagenic meat]
   435 | D        | Gained mutation: You are agile. (Dex +2) [mutagenic meat]
   436 | D        | Gained mutation: You are dopey. (Int -2) [mutagenic meat]
   483 | D        | Round 4.
   608 | D        | Reached ****** piety under the Shining One
   626 | D        | Arena points: 298 (+160) [x5]
   626 | D        | Reached skill level 11 in Unarmed Combat
   637 | D        | Bought a faintly humming cloak for 332 gold pieces
   643 | D        | Identified the +1 cloak of Grace {rElec rN+} (You bought it in a shop in the Dungeon)
   681 | D        | Round 5.
   723 | D        | Noticed a giant anaconda
   731 | D        | Noticed a salamander
   733 | D        | HP: 4/83 [giant anaconda (2)]
   736 | D        | The Shining One protects you from harm!
   737 | D        | Slain by a giant anaconda

Vault maps used:
D:        arena_sprint

Skill      XL: |  1  2  3  4  5  6  7  8 |
---------------+-------------------------+-----
Fighting       | 3 6 7 9 |  9.7
Dodging        | 3 6 7 9 |  9.8
Unarmed Combat | 3 7 8 10 11 | 11.2
Shields        | |  2.8

Action                   |  1- 3 |  4- 6 |  7- 9 || total
-------------------------+-------+-------+-------++-------
Melee: Unarmed           |    17 |    17 |    44 ||    78
       Kick              |       |       |     6 ||     6
       Punch             |       |       |     3 ||     3
  Use: Potion            |       |       |     1 ||     1
  Eat: Chunk             |       |       |     7 ||     7
Armor: Robe              |     8 |     3 |     6 ||    17
Dodge: Dodged            |    19 |     7 |    25 ||    51
Block: Other             |       |     2 |    10 ||    12
       Reflection        |       |     1 |     1 ||     2
